 Dungeon Crawl Stone Soup version 0.29.0-15-g675c0067aa (webtiles) character file.

Game seed: 15220426183038109503

46403 qw the Severer (level 14, -7/132 HPs)
             Began as a Minotaur Berserker on Sept 11, 2022.
             Was an Elder of Trog.
             Mangled by Rupert
             ... wielding a +5 vorpal great mace
              (9 damage)
             ... on level 5 of the Lair of Beasts.
             The game lasted 00:05:24 (16493 turns).

qw the Severer (Minotaur Berserker)                Turns: 16493, Time: 00:05:24

Health: -7/132     AC: 29    Str: 29    XL:     14   Next: 4%
Magic:  13/13      EV: 13    Int:  4    God:    Trog [****..]
Gold:   835        SH: 12    Dex: 12    Spells: 13/13 levels left

rFire   . . .      SeeInvis +   Y - +2 broad axe (drain)
rCold   x . .      Faith    .   y - +0 kite shield
rNeg    + . .      Spirit   .   z - +5 swamp dragon scales of Ajey {rPois rC- rN+ Str+4 Stlth+}
rPois   +          Reflect  .   (helmet restricted)
rElec   .          Harm     .   r - +2 cloak
rCorr   .          Rampage  .   f - +2 pair of gloves
Will    +....                   t - +2 pair of boots
Stlth   ++........              u - amulet of regeneration
HPRegen 1.12/turn               h - +4 ring of protection
MPRegen 0.13/turn               l - ring of see invisible

@: on berserk cooldown, slowed, very slow
A: horns 2, retaliatory headbutt
a: Renounce Religion, Berserk, Trog's Hand, Brothers in Arms


You were on level 5 of the Lair of Beasts.
You worshipped Trog.
Trog was greatly pleased with you.
You visited 2 branches of the dungeon, and saw 14 of its levels.
You also visited: Ossuary.

You collected 835 gold pieces.


Innate Abilities, Weirdness & Mutations

You have a pair of horns on your head.
You reflexively headbutt those who attack you in melee.


   Skills:
 - Level 14.0 Fighting
 - Level 18.1 Axes
 - Level 5.3 Throwing
 - Level 9.2 Armour
 + Level 7.5 Dodging
 - Level 13.6 Shields


You had 13 spell levels left.
You didn't know any spells.
Your spell library was empty.

Inventory:

Hand Weapons
 d - a +0 morningstar
 Y - a +2 broad axe of draining (weapon)
Missiles
 m - 11 boomerangs (quivered)
Armour
 f - a +2 pair of gloves (worn)
 o - a +0 plate armour
 r - a +2 cloak (worn)
 s - a +4 scale mail of fire resistance
 t - a +2 pair of boots (worn)
 y - a +0 kite shield (worn)
 z - the +5 swamp dragon scales of Ajey (worn) {rPois rC- rN+ Str+4 Stlth+}
   (You found it on level 9 of the Dungeon)

   Str:       It affects your strength (+4).
   rC:        It makes you vulnerable to cold.
   rPois:     It protects you from poison.
   rN:        It protects you from negative energy.
   Stlth:     It makes you more stealthy.
Jewellery
 c - a ring of resist corrosion
 h - a +4 ring of protection (left hand)
 l - a ring of see invisible (right hand)
 n - a ring of poison resistance
 p - a ring of ice
 u - an amulet of regeneration (around neck)
Scrolls
 a - 6 scrolls of identify
 g - a scroll of enchant armour
 j - 6 scrolls of teleportation
Potions
 b - 5 potions of haste
 e - 5 potions of curing
 k - 6 potions of heal wounds
 q - 4 potions of might
 v - a potion of mutation

Dungeon Overview and Level Annotations

Branches:
Dungeon (9/15)             Temple (0/1) D:4            Lair (5/5) D:9
  Swamp (0/4) Lair:2       Spider (0/4) Lair:3        Slime (0/5) Lair:4
Ossuary (visited)
    Orc: D:9-12

Altars:
Elyvilon
Wu Jian
Xom
Zin
Jiyva

Annotations:
D:2 1 runed translucent door, Crazy Yiuf
D:9 4 runed translucent doors
Lair:5 Rupert


Message History

You slice Rupert!! You drain Rupert. You headbutt Rupert, but do no damage.
Rupert is moderately wounded.
A blink frog comes into view.
You block Rupert's attack.
The blink frog croaks.
You slash Rupert!
Rupert is heavily wounded.
You block Rupert's attack.
The blink frog blinks!
You block Rupert's attack.
You slice Rupert!!
Rupert is heavily wounded.
The meliai changes into a queen bee!
Rupert hits you with a +5 vorpal great mace!!
Rupert barely misses you. You furiously retaliate!
You headbutt Rupert! You barely miss Rupert.
Rupert is severely wounded.
The blink frog blinks!
You block Rupert's attack.
Rupert hits you with a +5 vorpal great mace!
You closely miss Rupert.
Rupert is severely wounded.
You feel the effects of Trog's Hand fading.
Rupert hits you with a +5 vorpal great mace!!
You block Rupert's attack.
You closely miss Rupert.
Rupert is severely wounded.
The queen bee changes into a black bear!
Rupert hits you with a +5 vorpal great mace!!
A small abomination comes into view.
You closely miss Rupert.
Rupert is severely wounded.
Rupert barely misses you. Rupert closely misses you.
You slice Rupert!! Your headbutt misses Rupert.
Rupert is severely wounded.
The black bear changes into a queen bee!
Rupert hits you with a +5 vorpal great mace.
The blink frog blinks!
Rupert hits you but does no damage.
You slash Rupert! You drain Rupert. You headbutt Rupert!
Rupert is almost dead.
Your skin stops crawling.
You feel less strong-willed.
Rupert hits you with a +5 vorpal great mace!!!
You die... ..#.P.#.#.P..77 .#.#..##.##..7 #..#P.#.##...7 7777

.....P.......777..7777
. ...........77.....)7
. ..........77..... .
..........77..7 .
............%.77
........7...7@.7
........77.777@7
.......


777 ylF ...).. F¤..7 ..... ...77 .... .x77 ..7 ... You could see Rupert
(berserk, drained), a queen bee shaped shifter, a basilisk, 2 blink frogs and a
small abomination.

Vanquished Creatures
  5 boulder beetles
  2 hydras
  Harold (D:9)
  5 death yaks
  A tengu warrior (D:9)
  Urug (Lair:1)
  Nergalle (Lair:1)
  An ugly thing (Lair:5)
  A smoke demon (Lair:5)
  20 elephants
  Joseph (D:8)
  7 cane toads
  8 black mambas
  Maggie (D:8)
  5 rime drakes
  5 komodo dragons
  3 polar bears
  2 dream sheep (D:8)
  27 blink frogs
  3 culicivoras (Lair:3)
  5 wyverns
  38 yaks
  Sigmund (D:2)
  A basilisk (Lair:3)
  A chaos spawn (Lair:5)
  Edmund (D:5)
  An acid dragon (D:9)
  13 water moccasins
  5 orc warriors
  An ice beast (D:6)
  2 black bears
  An ogre (D:5)
  23 wolves
  A centaur (D:9)
  2 phantoms
  4 kobold brigands
  13 bullfrogs
  2 necrophages
  A gnoll sergeant (D:9)
  7 scorpions
  A wight (D:9)
  3 water moccasin zombies (Ossuary)
  4 killer bees (D:9)
  3 howler monkeys (D:8)
  An electric eel (Lair:2)
  A hound (D:3)
  A gnoll bouda (D:8)
  5 jellies
  Natasha (twice) (D:3)
  3 iguanas
  3 orc wizards
  6 hell rats (Lair:1)
  2 small abominations (Lair:5)
  2 mummies (Ossuary)
  Robin (D:3)
  A gnoll (D:1)
  4 adders
  2 shadow imps
  An ufetubus (D:6)
  3 adder zombies (Ossuary)
  2 worms (D:2)
  2 dart slugs
  18 orcs
  6 endoplasms
  2 giant cockroaches
  6 gnoll zombies (Ossuary)
  18 goblins
  15 hobgoblins
  6 jackals
  13 kobolds
  4 quokkas
  7 ball pythons
  3 bats
  2 frilled lizards (D:1)
  5 hobgoblin zombies (Ossuary)
  2 kobold zombies (Ossuary)
  4 orc zombies (Ossuary)
  7 rats
394 creatures vanquished.

Vanquished Creatures (collateral kills)
  2 hydras
2 creatures vanquished.

Vanquished Creatures (others)
  53 fungi
  58 plants
111 creatures vanquished.

Grand Total: 507 creatures vanquished

Notes
Turn   | Place    | Note
-------+----------+-------------------------------------------
     0 | D:1      | qw the Minotaur Berserker began the quest for the Orb.
     0 | D:1      | Reached XP level 1. HP: 19/19 MP: 0/0
     0 | D:1      | 0 ||| qw: Version: 0.1-a-119-g272c26d
     0 | D:1      | 0 ||| qw: Game counter: 10689
     0 | D:1      | 0 ||| qw: Always use a shield: true
     0 | D:1      | 0 ||| qw: Do Orc after D:15 true
     0 | D:1      | 0 ||| qw: Do second Lair branch before Depths: true
     0 | D:1      | 0 ||| qw: Lair rune preference: random
     0 | D:1      | 0 ||| qw: Plans: Normal
     0 | D:1      | 0 ||| PLANNING D:1-11
    82 | D:1      | Reached skill level 4 in Axes
   112 | D:1      | 112 ||| INVOKING Berserk.
   297 | D:1      | Reached XP level 2. HP: 24/26 MP: 1/1
   354 | D:1      | 354 ||| Stepping ~*~*~tactically~*~*~ (stealth).
   355 | D:1      | 355 ||| Stepping ~*~*~tactically~*~*~ (stealth).
   364 | D:1      | 364 ||| INVOKING Berserk.
   369 | D:1      | Reached skill level 5 in Axes
   769 | D:1      | Found a faded altar of an unknown god.
   952 | D:1      | Reached XP level 3. HP: 30/31 MP: 2/2
  1191 | D:1      | 1191 ||| DROPPING +0 club.
  1246 | D:1      | 1246 ||| UPGRADING to +0 leather armour.
  1256 | D:1      | 1256 ||| DROPPING +0 animal skin.
  1257 | D:1      | 1257 ||| UPGRADING to +4 ring of protection.
  1258 | D:1      | 1258 ||| READING scroll labelled RUSURGHUOWAR.
  1259 | D:1      | 1259 ||| READING scroll labelled OGUBBI OHINI.
  1264 | D:1      | 1264 ||| READING scroll labelled VULUME LEODUPSOM.
  1343 | D:2      | 1343 ||| Stepping ~*~*~tactically~*~*~ (stealth).
  1513 | D:2      | 1513 ||| INVOKING Berserk.
  1648 | D:2      | 1648 ||| Stepping ~*~*~tactically~*~*~ (stealth).
  1650 | D:2      | 1650 ||| Stepping ~*~*~tactically~*~*~ (stealth).
  1670 | D:2      | 1670 ||| INVOKING Berserk.
  1804 | D:2      | Reached skill level 6 in Axes
  1804 | D:2      | Reached XP level 4. HP: 39/39 MP: 3/3
  1827 | D:2      | Found a runed translucent door.
  1828 | D:2      | Noticed Crazy Yiuf
  1901 | D:2      | 1901 ||| FLEEEEING.
  1902 | D:2      | 1902 ||| FLEEEEING.
  2032 | D:2      | Noticed Sigmund
  2034 | D:2      | 2034 ||| INVOKING Berserk.
  2039 | D:2      | Killed Sigmund
  2040 | D:2      | Reached skill level 7 in Axes
  2040 | D:2      | Reached XP level 5. HP: 45/45 MP: 4/4
  2400 | D:2      | 2400 ||| UPGRADING to +0 ring mail.
  2410 | D:2      | 2410 ||| DROPPING +0 leather armour.
  2411 | D:2      | 2411 ||| UPGRADING to ring of resist corrosion.
  2412 | D:2      | 2412 ||| READING 3 scrolls labelled TOUD EMENOPIUT.
  2413 | D:2      | 2413 ||| READING scroll labelled MIEWNO DUKA.
  2414 | D:2      | 2414 ||| DRINKING 2 ruby potions.
  2415 | D:2      | 2415 ||| READING 2 scrolls of identify.
  2415 | D:2      | 2415 ||| IDENTIFYING fuming black potion
  2416 | D:2      | 2416 ||| DROPPING potion of lignification.
  2417 | D:2      | 2417 ||| DROPPING potion of brilliance.
  2494 | D:3      | 2494 ||| Stepping ~*~*~tactically~*~*~ (stealth).
  2496 | D:3      | 2496 ||| Stepping ~*~*~tactically~*~*~ (stealth).
  2559 | D:3      | Noticed Natasha
  2562 | D:3      | 2562 ||| INVOKING Berserk.
  2563 | D:3      | 2563 ||| INVOKING Berserk.
  2564 | D:3      | Killed Natasha
  2565 | D:3      | Reached skill level 8 in Axes
  2565 | D:3      | Reached XP level 6. HP: 52/52 MP: 5/5
  2571 | D:3      | Noticed Natasha
  2578 | D:3      | Killed Natasha
  2800 | D:3      | Reached ** piety under Trog
  3132 | D:3      | Noticed Robin
  3139 | D:3      | 3139 ||| INVOKING Berserk.
  3141 | D:3      | Killed Robin
  3442 | D:3      | Reached skill level 9 in Axes
  3558 | D:3      | 3558 ||| UPGRADING to +2 pair of gloves.
  3563 | D:3      | 3563 ||| UPGRADING to +6 ring of intelligence.
  3565 | D:3      | 3565 ||| READING scroll labelled JUSHRUFR MYJEMP.
  3566 | D:3      | 3566 ||| READING scroll labelled HYOKEM QOLOISK.
  3567 | D:3      | 3567 ||| READING 4 scrolls of identify.
  3567 | D:3      | 3567 ||| IDENTIFYING fizzy ruby potion
  3568 | D:3      | 3568 ||| READING 3 scrolls of identify.
  3568 | D:3      | 3568 ||| IDENTIFYING emerald potion
  3569 | D:3      | 3569 ||| READING 2 scrolls of identify.
  3569 | D:3      | 3569 ||| IDENTIFYING dark potion
  3570 | D:3      | 3570 ||| DROPPING potion of magic.
  3571 | D:3      | 3571 ||| DROPPING potion of flight.
  3619 | D:4      | Reached XP level 7. HP: 60/60 MP: 6/6
  3626 | D:4      | 3626 ||| READING 2 scrolls of enchant weapon.
  3626 | D:4      | 3626 ||| ENCHANTING +1 hand axe.
  3627 | D:4      | 3627 ||| READING scroll of enchant weapon.
  3627 | D:4      | 3627 ||| ENCHANTING +2 hand axe.
  3657 | D:4      | 3657 ||| Stepping ~*~*~tactically~*~*~ (stealth).
  3738 | D:4      | 3738 ||| Stepping ~*~*~tactically~*~*~ (stealth).
  3855 | D:4      | 3855 ||| DROPPING +0 mace.
  4021 | D:4      | 4021 ||| SWAPPING to +0 war axe.
  4022 | D:4      | 4022 ||| DROPPING +3 hand axe.
  4188 | D:4      | Found a staircase to the Ecumenical Temple.
  4300 | D:4      | 4300 ||| UPGRADING to +0 cloak.
  4305 | D:4      | 4305 ||| UPGRADING to +2 pair of boots.
  4310 | D:4      | 4310 ||| UPGRADING to amulet of regeneration.
  4315 | D:4      | 4315 ||| READING scroll labelled PYMIASUYNO.
  4316 | D:4      | 4316 ||| READING scroll labelled XAFUOH USKUZU.
  4317 | D:4      | 4317 ||| READING scroll labelled TUACEOZOUP.
  4318 | D:4      | 4318 ||| READING 2 scrolls of teleportation.
  4349 | D:5      | Entered Level 5 of the Dungeon
  4389 | D:5      | 4389 ||| INVOKING Berserk.
  4522 | D:5      | Reached skill level 10 in Axes
  4604 | D:5      | Found a shimmering altar of Xom.
  4615 | D:5      | Noticed Edmund
  4616 | D:5      | 4616 ||| Stepping ~*~*~tactically~*~*~ (stealth).
  4617 | D:5      | 4617 ||| INVOKING Berserk.
  4623 | D:5      | Killed Edmund
  4624 | D:5      | Reached skill level 3 in Armour
  5091 | D:5      | Found a white marble altar of Elyvilon.
  5095 | D:5      | 5095 ||| INVOKING Berserk.
  5212 | D:5      | 5212 ||| UPGRADING to +0 chain mail.
  5222 | D:5      | 5222 ||| DROPPING +0 ring mail.
  5223 | D:5      | 5223 ||| DROPPING scarf of invisibility.
  5224 | D:5      | 5224 ||| UPGRADING to +0 buckler.
  5320 | D:6      | Reached XP level 8. HP: 67/69 MP: 7/7
  5339 | D:6      | 5339 ||| Stepping ~*~*~tactically~*~*~ (hiding).
  5345 | D:6      | Reached skill level 1 in Shields
  5486 | D:6      | 5486 ||| INVOKING Berserk.
  5489 | D:6      | Reached skill level 3 in Shields
  5771 | D:6      | Reached skill level 6 in Fighting
  6021 | D:6      | 6021 ||| INVOKING Berserk.
  6225 | D:6      | 6225 ||| READING 2 scrolls labelled ZAPHUS WAYG.
  6226 | D:6      | 6226 ||| DRINKING 2 viscous sapphire potions.
  6227 | D:6      | 6227 ||| READING 3 scrolls of identify.
  6227 | D:6      | 6227 ||| IDENTIFYING inky potion
  6228 | D:6      | 6228 ||| READING 2 scrolls of identify.
  6228 | D:6      | 6228 ||| IDENTIFYING bubbling clear potion
  6229 | D:6      | 6229 ||| DROPPING scroll of summoning.
  6230 | D:6      | 6230 ||| DROPPING potion of invisibility.
  6249 | D:7      | 6249 ||| PLANNING OSSUARY
  6361 | D:7      | Reached skill level 11 in Axes
  6437 | D:7      | 6437 ||| Stepping ~*~*~tactically~*~*~ (hiding).
  6439 | D:7      | 6439 ||| Stepping ~*~*~tactically~*~*~ (hiding).
  6440 | D:7      | 6440 ||| Stepping ~*~*~tactically~*~*~ (hiding).
  6442 | D:7      | 6442 ||| Stepping ~*~*~tactically~*~*~ (hiding).
  6558 | D:7      | Found an ornate altar of the Wu Jian Council.
  6778 | D:7      | Found a sand-covered staircase.
  6779 | D:7      | 6779 ||| READING 2 scrolls of identify.
  6779 | D:7      | 6779 ||| IDENTIFYING fizzy purple potion
  6780 | D:7      | 6780 ||| DROPPING potion of ambrosia.
  6788 | Ossuary  | Entered an ossuary
  6825 | Ossuary  | Reached *** piety under Trog
  6947 | Ossuary  | 6947 ||| DROPPING +1 pair of boots.
  6948 | Ossuary  | 6948 ||| READING scroll labelled INARIS DEKKORO.
  6949 | Ossuary  | 6949 ||| READING 2 scrolls of identify.
  6949 | Ossuary  | 6949 ||| IDENTIFYING pink potion
  6950 | Ossuary  | 6950 ||| DROPPING potion of berserk rage.
  6959 | D:7      | 6959 ||| PLANNING D:1-11
  7068 | D:8      | Noticed Joseph
  7074 | D:8      | Killed Joseph
  7075 | D:8      | Reached skill level 12 in Axes
  7075 | D:8      | Reached XP level 9. HP: 75/75 MP: 8/8
  7082 | D:8      | 7082 ||| Stepping ~*~*~tactically~*~*~ (hiding).
  7094 | D:8      | 7094 ||| Stepping ~*~*~tactically~*~*~ (stealth).
  7095 | D:8      | 7095 ||| Stepping ~*~*~tactically~*~*~ (stealth).
  7101 | D:8      | 7101 ||| Stepping ~*~*~tactically~*~*~ (stealth).
  7121 | D:8      | 7121 ||| SWAPPING to +2 war axe of electrocution.
  7122 | D:8      | 7122 ||| DROPPING +0 vorpal war axe.
  7126 | D:8      | 7126 ||| Stepping ~*~*~tactically~*~*~ (stealth).
  7128 | D:8      | 7128 ||| Stepping ~*~*~tactically~*~*~ (stealth).
  7236 | D:8      | 7236 ||| INVOKING Berserk.
  7358 | D:8      | 7358 ||| Stepping ~*~*~tactically~*~*~ (stealth).
  7365 | D:8      | Reached skill level 13 in Axes
  7368 | D:8      | Reached skill level 6 in Armour
  7379 | D:8      | 7379 ||| Stepping ~*~*~tactically~*~*~ (stealth).
  7380 | D:8      | 7380 ||| INVOKING Berserk.
  7498 | D:8      | Noticed Maggie
  7499 | D:8      | 7499 ||| Stepping ~*~*~tactically~*~*~ (stealth).
  7501 | D:8      | 7501 ||| Stepping ~*~*~tactically~*~*~ (stealth).
  7503 | D:8      | 7503 ||| Stepping ~*~*~tactically~*~*~ (hiding).
  7513 | D:8      | Killed Maggie
  7543 | D:8      | 7543 ||| FLEEEEING.
  7544 | D:8      | 7544 ||| STAIRDANCE
  7594 | D:7      | 7594 ||| DROPPING scarf of harm.
  7595 | D:7      | 7595 ||| READING scroll labelled NATAIB MUWKIU.
  7598 | D:8      | 7598 ||| STAIRDANCE
  7608 | D:8      | 7608 ||| STAIRDANCE
  7613 | D:8      | 7613 ||| STAIRDANCE
  7618 | D:8      | 7618 ||| STAIRDANCE
  7620 | D:7      | Reached **** piety under Trog
  7651 | D:8      | Found a glowing silver altar of Zin.
  7739 | D:8      | 7739 ||| INVOKING Berserk.
  8028 | D:8      | 8028 ||| UPGRADING to ring of see invisible.
  8030 | D:8      | 8030 ||| DROPPING +6 ring of intelligence.
  8051 | D:9      | 8051 ||| INVOKING Berserk.
  8056 | D:9      | Reached skill level 3 in Dodging
  8056 | D:9      | Reached XP level 10. HP: 90/90 MP: 9/9
  8214 | D:9      | Noticed Harold
  8214 | D:9      | Found a large runed translucent door.
  8214 | D:9      | Found a large runed translucent door.
  8215 | D:9      | 8215 ||| INVOKING Berserk.
  8219 | D:9      | Killed Harold
  8324 | D:9      | Noticed a centaur warrior
  8333 | D:9      | Found a large runed translucent door.
  8333 | D:9      | Found a large runed translucent door.
  8348 | D:9      | 8348 ||| Stepping ~*~*~tactically~*~*~ (stealth).
  8363 | D:9      | Reached skill level 14 in Axes
  8377 | D:9      | 8377 ||| READING 2 scrolls of enchant armour.
  8377 | D:9      | 8377 ||| ENCHANTING +0 cloak.
  8378 | D:9      | 8378 ||| READING scroll of enchant armour.
  8378 | D:9      | 8378 ||| ENCHANTING +1 cloak.
  8394 | D:9      | 8394 ||| Stepping ~*~*~tactically~*~*~ (stealth).
  8403 | D:9      | 8403 ||| Stepping ~*~*~tactically~*~*~ (stealth).
  8406 | D:9      | 8406 ||| Stepping ~*~*~tactically~*~*~ (stealth).
  8408 | D:9      | 8408 ||| Stepping ~*~*~tactically~*~*~ (stealth).
  8411 | D:9      | 8411 ||| Stepping ~*~*~tactically~*~*~ (stealth).
  8414 | D:9      | 8414 ||| Stepping ~*~*~tactically~*~*~ (stealth).
  8420 | D:9      | 8420 ||| Stepping ~*~*~tactically~*~*~ (stealth).
  8422 | D:9      | 8422 ||| Stepping ~*~*~tactically~*~*~ (stealth).
  8440 | D:9      | 8440 ||| INVOKING Berserk.
  8444 | D:9      | Reached skill level 15 in Axes
  8533 | D:9      | 8533 ||| Stepping ~*~*~tactically~*~*~ (stealth).
  8544 | D:9      | Reached skill level 9 in Fighting
  8589 | D:9      | 8589 ||| INVOKING Berserk.
  8812 | D:9      | 8812 ||| INVOKING Berserk.
  8901 | D:9      | 8901 ||| Stepping ~*~*~tactically~*~*~ (stealth).
  8910 | D:9      | Noticed a tengu warrior
  8918 | D:9      | Killed a tengu warrior
  8919 | D:9      | Reached skill level 16 in Axes
  8919 | D:9      | Reached XP level 11. HP: 97/97 MP: 10/10
  8936 | D:9      | Identified the +5 swamp dragon scales of Ajey {rPois rC-
                  | rN+ Str+4 Stlth+}
  8996 | D:9      | 8996 ||| Stepping ~*~*~tactically~*~*~ (stealth).
  8997 | D:9      | Noticed a seven-headed hydra
  8998 | D:9      | 8998 ||| INVOKING Brothers in Arms.
  9000 | D:9      | 9000 ||| INVOKING Brothers in Arms.
  9002 | D:9      | 9002 ||| SWAPPING to +0 morningstar.
  9003 | D:9      | 9003 ||| INVOKING Berserk.
  9010 | D:9      | Killed a seven-headed hydra
  9011 | D:9      | Reached skill level 6 in Shields
  9037 | D:9      | 9037 ||| SWAPPING to +2 war axe of electrocution.
  9142 | D:9      | Identified the +8 quarterstaff "Junurual" {pain, Fly Str+3
                  | Dex+4}
  9374 | D:9      | Found a staircase to the Lair.
  9375 | D:9      | 9375 ||| INVOKING Berserk.
  9523 | D:9      | 9523 ||| PLANNING LAIR
  9523 | D:9      | 9523 ||| UPGRADING to +0 plate armour.
  9533 | D:9      | 9533 ||| DROPPING +0 chain mail.
  9534 | D:9      | 9534 ||| UPGRADING to +0 kite shield.
  9544 | D:9      | 9544 ||| DROPPING +0 buckler.
  9545 | D:9      | 9545 ||| UPGRADING to +5 swamp dragon scales of Ajey {rPois
                  | rC- rN+ Str+4 Stlth+}.
  9555 | D:9      | 9555 ||| READING 2 scrolls labelled ZUOBUN DOUHOW.
  9556 | D:9      | 9556 ||| READING scroll labelled QERUXZ RUCLI.
  9556 | D:9      | Identified a scroll of acquirement
  9556 | D:9      | 9556 ||| ACQUIRING +2 broad axe of draining
  9556 | D:9      | Acquired a +2 broad axe of draining
  9558 | D:9      | 9558 ||| SWAPPING to +2 broad axe of draining.
  9559 | D:9      | 9559 ||| DROPPING +2 war axe of electrocution.
  9560 | D:9      | 9560 ||| READING 3 scrolls of identify.
  9560 | D:9      | 9560 ||| IDENTIFYING brown potion
  9561 | D:9      | 9561 ||| DROPPING scroll of noise.
  9599 | Lair:1   | Entered Level 1 of the Lair of Beasts
  9743 | Lair:1   | 9743 ||| INVOKING Berserk.
 10047 | Lair:1   | 10047 ||| Stepping ~*~*~tactically~*~*~ (stealth).
 10052 | Lair:1   | 10052 ||| Stepping ~*~*~tactically~*~*~ (stealth).
 10060 | Lair:1   | Reached skill level 9 in Shields
 10089 | Lair:1   | Noticed an eight-headed hydra
 10090 | Lair:1   | 10090 ||| INVOKING Brothers in Arms.
 10092 | Lair:1   | 10092 ||| SWAPPING to +0 morningstar.
 10094 | Lair:1   | 10094 ||| INVOKING Berserk.
 10099 | Lair:1   | Killed an eight-headed hydra
 10108 | Lair:1   | 10108 ||| SWAPPING to +2 broad axe of draining.
 10365 | Lair:1   | Noticed Urug
 10369 | Lair:1   | 10369 ||| INVOKING Berserk.
 10379 | Lair:1   | Killed Urug
 10491 | Lair:1   | Noticed Nergalle
 10496 | Lair:1   | 10496 ||| INVOKING Berserk.
 10500 | Lair:1   | Killed Nergalle
 10501 | Lair:1   | Reached skill level 3 in Throwing
 10684 | Lair:1   | 10684 ||| INVOKING Berserk.
 11070 | Lair:1   | 11070 ||| READING 2 scrolls labelled GINONLEUDE.
 11071 | Lair:1   | 11071 ||| READING 4 scrolls of identify.
 11071 | Lair:1   | 11071 ||| IDENTIFYING fuming inky potion
 11072 | Lair:1   | 11072 ||| DROPPING potion of attraction.
 11073 | Lair:1   | 11073 ||| DROPPING scroll of vulnerability.
 11121 | Lair:2   | 11121 ||| Stepping ~*~*~tactically~*~*~ (stealth).
 11123 | Lair:2   | 11123 ||| Stepping ~*~*~tactically~*~*~ (stealth).
 11125 | Lair:2   | 11125 ||| Stepping ~*~*~tactically~*~*~ (stealth).
 11127 | Lair:2   | 11127 ||| Stepping ~*~*~tactically~*~*~ (hiding).
 11291 | Lair:2   | 11291 ||| Stepping ~*~*~tactically~*~*~ (stealth).
 11316 | Lair:2   | 11316 ||| INVOKING Berserk.
 11324 | Lair:2   | Reached XP level 12. HP: 106/106 MP: 11/11
 11335 | Lair:2   | 11335 ||| Stepping ~*~*~tactically~*~*~ (water).
 11344 | Lair:2   | Reached skill level 17 in Axes
 11383 | Lair:2   | 11383 ||| INVOKING Berserk.
 11664 | Lair:2   | Noticed a boulder beetle
 11665 | Lair:2   | 11665 ||| Stepping ~*~*~tactically~*~*~ (stealth).
 11667 | Lair:2   | 11667 ||| Stepping ~*~*~tactically~*~*~ (stealth).
 11669 | Lair:2   | 11669 ||| INVOKING Berserk.
 11673 | Lair:2   | Killed a boulder beetle
 11784 | Lair:2   | 11784 ||| Stepping ~*~*~tactically~*~*~ (stealth).
 11786 | Lair:2   | 11786 ||| Stepping ~*~*~tactically~*~*~ (stealth).
 11790 | Lair:2   | 11790 ||| Stepping ~*~*~tactically~*~*~ (stealth).
 11823 | Lair:2   | 11823 ||| Stepping ~*~*~tactically~*~*~ (hiding).
 11977 | Lair:2   | Noticed a death yak
 11978 | Lair:2   | 11978 ||| READING scroll labelled SER ZUSEGOWERI.
 11982 | Lair:2   | 11982 ||| FLEEEEING.
 11985 | Lair:2   | 11985 ||| FLEEEEING.
 11986 | Lair:2   | 11986 ||| FLEEEEING.
 11987 | Lair:2   | 11987 ||| FLEEEEING.
 11988 | Lair:2   | 11988 ||| FLEEEEING.
 11989 | Lair:2   | 11989 ||| FLEEEEING.
 11990 | Lair:2   | 11990 ||| FLEEEEING.
 11991 | Lair:2   | 11991 ||| FLEEEEING.
 11992 | Lair:2   | 11992 ||| STAIRDANCE
 12021 | Lair:1   | 12021 ||| READING 3 scrolls of identify.
 12021 | Lair:1   | 12021 ||| IDENTIFYING fizzy silvery potion
 12022 | Lair:1   | 12022 ||| DROPPING potion of degeneration.
 12025 | Lair:2   | 12025 ||| INVOKING Berserk.
 12029 | Lair:2   | Killed a death yak
 12030 | Lair:2   | 12030 ||| STAIRDANCE
 12154 | Lair:2   | 12154 ||| INVOKING Berserk.
 12287 | Lair:2   | Noticed an eight-headed hydra
 12288 | Lair:2   | 12288 ||| READING 7 scrolls of teleportation.
 12313 | Lair:2   | Found a staircase to the Swamp.
 12712 | Lair:3   | 12712 ||| Stepping ~*~*~tactically~*~*~ (hiding).
 12814 | Lair:3   | 12814 ||| Stepping ~*~*~tactically~*~*~ (hiding).
 12916 | Lair:3   | 12916 ||| Stepping ~*~*~tactically~*~*~ (hiding).
 13018 | Lair:3   | 13018 ||| Stepping ~*~*~tactically~*~*~ (hiding).
 13132 | Lair:3   | Found a hole to the Spider Nest.
 13148 | Lair:3   | Reached skill level 18 in Axes
 13152 | Lair:3   | 13152 ||| Stepping ~*~*~tactically~*~*~ (stealth).
 13154 | Lair:3   | 13154 ||| Stepping ~*~*~tactically~*~*~ (stealth).
 13156 | Lair:3   | 13156 ||| Stepping ~*~*~tactically~*~*~ (stealth).
 13158 | Lair:3   | 13158 ||| Stepping ~*~*~tactically~*~*~ (stealth).
 13159 | Lair:3   | 13159 ||| INVOKING Berserk.
 13174 | Lair:3   | Noticed a boulder beetle
 13187 | Lair:3   | Reached skill level 12 in Shields
 13188 | Lair:3   | HP: 26/110 [boulder beetle (7)]
 13189 | Lair:3   | 13189 ||| READING 6 scrolls of teleportation.
 13190 | Lair:3   | 13190 ||| DRINKING 7 potions of heal wounds.
 13307 | Lair:3   | 13307 ||| INVOKING Berserk.
 13325 | Lair:3   | Killed a boulder beetle
 13326 | Lair:3   | Reached skill level 6 in Dodging
 13509 | Lair:3   | Reached XP level 13. HP: 116/116 MP: 12/12
 13534 | Lair:3   | 13534 ||| Stepping ~*~*~tactically~*~*~ (stealth).
 13536 | Lair:3   | 13536 ||| Stepping ~*~*~tactically~*~*~ (stealth).
 13538 | Lair:3   | 13538 ||| Stepping ~*~*~tactically~*~*~ (stealth).
 13542 | Lair:3   | 13542 ||| Stepping ~*~*~tactically~*~*~ (stealth).
 13591 | Lair:3   | 13591 ||| INVOKING Berserk.
 13626 | Lair:3   | 13626 ||| FLEEEEING.
 13627 | Lair:3   | 13627 ||| FLEEEEING.
 13628 | Lair:3   | 13628 ||| FLEEEEING.
 13629 | Lair:3   | 13629 ||| FLEEEEING.
 13661 | Lair:3   | You fall into a shaft and drop 1 floor!
 13715 | Lair:4   | 13715 ||| DROPPING ring of flight.
 13727 | Lair:3   | 13727 ||| INVOKING Berserk.
 13963 | Lair:3   | Reached skill level 12 in Fighting
 14358 | Lair:4   | 14358 ||| INVOKING Berserk.
 14495 | Lair:4   | 14495 ||| Stepping ~*~*~tactically~*~*~ (stealth).
 14497 | Lair:4   | 14497 ||| INVOKING Berserk.
 14789 | Lair:4   | 14789 ||| Stepping ~*~*~tactically~*~*~ (stealth).
 14790 | Lair:4   | 14790 ||| Stepping ~*~*~tactically~*~*~ (stealth).
 14791 | Lair:4   | 14791 ||| INVOKING Brothers in Arms.
 14793 | Lair:4   | 14793 ||| SWAPPING to +0 morningstar.
 14794 | Lair:4   | 14794 ||| INVOKING Berserk.
 14804 | Lair:4   | 14804 ||| SWAPPING to +2 broad axe of draining.
 14962 | Lair:4   | 14962 ||| INVOKING Berserk.
 14973 | Lair:4   | Reached skill level 9 in Armour
 15275 | Lair:4   | Found a staircase to the Slime Pits.
 15275 | Lair:4   | Found a viscous altar of Jiyva.
 15279 | Lair:4   | 15279 ||| INVOKING Berserk.
 15389 | Lair:4   | 15389 ||| Stepping ~*~*~tactically~*~*~ (stealth).
 15393 | Lair:4   | 15393 ||| Stepping ~*~*~tactically~*~*~ (stealth).
 15396 | Lair:4   | 15396 ||| INVOKING Berserk.
 15760 | Lair:5   | Entered Level 5 of the Lair of Beasts
 15763 | Lair:5   | 15763 ||| STAIRDANCE
 15771 | Lair:5   | 15771 ||| STAIRDANCE
 15773 | Lair:4   | 15773 ||| INVOKING Berserk.
 15884 | Lair:5   | 15884 ||| INVOKING Berserk.
 15902 | Lair:5   | 15902 ||| INVOKING Brothers in Arms.
 15903 | Lair:5   | 15903 ||| SWAPPING to +0 morningstar.
 15906 | Lair:5   | 15906 ||| SWAPPING to +2 broad axe of draining.
 15974 | Lair:5   | 15974 ||| Stepping ~*~*~tactically~*~*~ (stealth).
 15975 | Lair:5   | 15975 ||| Stepping ~*~*~tactically~*~*~ (stealth).
 15978 | Lair:5   | 15978 ||| INVOKING Berserk.
 16139 | Lair:5   | 16139 ||| Stepping ~*~*~tactically~*~*~ (hiding).
 16140 | Lair:5   | 16140 ||| Stepping ~*~*~tactically~*~*~ (hiding).
 16172 | Lair:5   | 16172 ||| Stepping ~*~*~tactically~*~*~ (stealth).
 16175 | Lair:5   | 16175 ||| Stepping ~*~*~tactically~*~*~ (stealth).
 16177 | Lair:5   | 16177 ||| INVOKING Berserk.
 16343 | Lair:5   | 16343 ||| Stepping ~*~*~tactically~*~*~ (stealth).
 16348 | Lair:5   | 16348 ||| Stepping ~*~*~tactically~*~*~ (stealth).
 16391 | Lair:5   | Reached XP level 14. HP: 126/132 MP: 13/13
 16458 | Lair:5   | 16458 ||| Stepping ~*~*~tactically~*~*~ (stealth).
 16462 | Lair:5   | 16462 ||| INVOKING Berserk.
 16475 | Lair:5   | Noticed Rupert
 16477 | Lair:5   | 16477 ||| INVOKING Trog's Hand.
 16493 | Lair:5   | HP: 2/132 [Rupert/+5 vorpal great mace (45)]
 16493 | Lair:5   | Mangled by Rupert

Levels and vault maps discovered:
D:1:      onia_arrival_handbag, layout_basic, basic_ecumenical_altar
D:2:      layout_loops_ring, uniq_crazy_yiuf_cottage, uniq_sigmund
D:3:      cheibrodos_greedy_goblins, layout_basic,
          chequers_serial_rivers_micro_c, uniq_robin, uniq_natasha
D:4:      minmay_general_purpose_star, layout_rooms,
          minmay_temple_entry_poolview
D:5:      layout_rooms, nicolae_elyvilon_temple_path, xom_butterflies,
          serial_aquarium, aquarium_bridge_square [aquarium_subvault_balcony,
          aquarium_subvault_window, aquarium_subvault_window,
          aquarium_subvault_bridge], aquarium_bridge_square
          [aquarium_subvault_bridge, aquarium_subvault_bridge,
          aquarium_subvault_window, aquarium_subvault_wall], aquarium_window_1,
          aquarium_window_1, aquarium_view_2d, aquarium_pool_four, uniq_edmund
D:6:      layout_loops_ring
D:7:      layout_basic, nicolae_wu_jian_wuxing_cycle,
          nicolae_ossuary_entry_monument
D:8:      layout_cave_pools, zin_treasury, dreamdust_gnoll_shepherd,
          uniq_joseph, uniq_maggie
D:9:      layout_small_grid, grunt_lair_entry_orc_guard_hut,
          minmay_hollow_rounded_squares, uniq_harold
Lair:1:   layout_cave_pods, infiniplex_staircase_pool_2, grunt_megastairs_5,
          uniq_nergalle, uniq_urug
Lair:2:   layout_regular_city, swamp_mist_pool, fungi_pond_lemuel,
          minmay_shattered_shrine, serial_bayou_shore_b
Lair:3:   layout_gridlike, hellmonk_spider_entry_life_and_decay
Lair:4:   layout_gridlike, slime_entry_1, serial_bayou_shore_b,
          serial_bayou_shore_b
Lair:5:   hellmonk_lair_end_abyssal_woods, layout_regular_city, basic_altar,
          nicolae_quartered_pool_super, st_stairs_3, minivault_27,
          chequers_serial_rivers_micro_c, uniq_rupert

Skill      XL: |  1  2  3  4  5  6  7  8  9 10 11 12 13 |
---------------+----------------------------------------+-----
Axes           | 4 5 6 7 8 9 10 12 13 16 18 | 18.1
Fighting       | 4 5 6 8 9 10 11 14 | 14.0
Throwing       | 2 3 4 5 |  5.3
Armour         | 3 5 6 7 9 |  9.2
Shields        | 4 5 10 12 13 | 13.6
Dodging        | 3 4 6 7 |  7.5

Action                   |  1- 3 |  4- 6 |  7- 9 | 10-12 | 13-15 || total
-------------------------+-------+-------+-------+-------+-------++-------
Melee: Hand axe          |    65 |    76 |    21 |       |       ||   162
       Headbutt          |     6 |    11 |    44 |    75 |    53 ||   189
       Punch             |     1 |     1 |     1 |       |       ||     3
       War axe           |       |       |   199 |   115 |       ||   314
       Broad axe         |       |       |       |   238 |   213 ||   451
       Morningstar       |       |       |       |    15 |     4 ||    19
Throw: Boomerang         |    23 |    33 |    66 |    57 |    44 ||   223
       Javelin           |       |       |       |    30 |    21 ||    51
Invok: Berserk           |     4 |     3 |     9 |    18 |    13 ||    47
       Brothers in Arms  |       |       |       |     2 |     2 ||     4
       Trog's Hand       |       |       |       |       |     1 ||     1
  Use: Scroll            |     3 |     8 |    13 |    11 |       ||    35
       Potion            |       |     1 |     1 |     1 |       ||     3
 Stab: Sleeping          |       |       |       |     3 |     1 ||     4
Armor: Animal skin       |     4 |       |       |       |       ||     4
       Leather armour    |     7 |     2 |       |       |       ||     9
       Ring mail         |       |    21 |     6 |       |       ||    27
       Chain mail        |       |       |    66 |    64 |       ||   130
       Swamp dragon scal |       |       |       |   125 |    92 ||   217
Dodge: Dodged            |    19 |    30 |    50 |   118 |    71 ||   288
Block: Buckler           |       |       |    21 |    16 |       ||    37
       Kite shield       |       |       |       |   131 |    94 ||   225

Table legend:
 A = Non-vault XP
 B = Vault XP
 C = Vault XP percentage of total XP
 D = Non-vault monster count
 E = Vault monster count
 F = Vault count percentage of total count
                 A         B        C        D         E       F
            +---------+---------+-------+---------+---------+-------
      Total |   52525 |   13765 |  20.8 |     301 |      95 |  24.0
            +---------+---------+-------+---------+---------+-------
        D:1 |      43 |       5 |  10.4 |      19 |       4 |  17.4
        D:2 |      60 |     214 |  78.1 |      16 |       1 |   5.9
        D:3 |     253 |      88 |  25.8 |      17 |      21 |  55.3
        D:4 |     140 |      85 |  37.8 |      10 |       4 |  28.6
        D:5 |     371 |     166 |  30.9 |       6 |       1 |  14.3
        D:6 |     799 |       0 |   0.0 |      16 |       0 |   0.0
        D:7 |     299 |       0 |   0.0 |       6 |       0 |   0.0
        D:8 |    1167 |    1427 |  55.0 |      19 |       5 |  20.8
        D:9 |    3538 |    4412 |  55.5 |      35 |      17 |  32.7
     Lair:1 |    4304 |    2029 |  32.0 |      23 |       3 |  11.5
     Lair:2 |    6853 |    2785 |  28.9 |      39 |       5 |  11.4
     Lair:3 |   13876 |     669 |   4.6 |      42 |       3 |   6.7
     Lair:4 |   12570 |       0 |   0.0 |      28 |       0 |   0.0
     Lair:5 |    8252 |    1582 |  16.1 |      25 |       6 |  19.4
    Ossuary |       0 |     303 | 100.0 |       0 |      25 | 100.0
            +---------+---------+-------+---------+---------+-------
